 Dungeon Crawl Stone Soup version 0.26-a0-667-g92642533e4 (webtiles) character file.

Game seed: 4805672569841046079

28700 Gargoyl the Fighter (level 13, -8/104 HPs)
             Began as a Gnoll Abyssal Knight on Oct 15, 2020.
             Was an Elder of Lugonu.
             Mangled by a komodo dragon simulacrum (12 damage)
             ... on level 3 of the Lair of Beasts on Oct 16, 2020.
             The game lasted 00:25:15 (18738 turns).

Gargoyl the Fighter (Gnoll Abyssal Knight)         Turns: 18738, Time: 00:25:15

Health: -8/104     AC: 25    Str: 19    XL:     13   Next: 40%
Magic:  25/35      EV: 11    Int: 21    God:    Lugonu [****..]
Gold:   788        SH:  5    Dex: 20    Spells: 28/28 levels left

rFire    . . .     SeeInvis .   d - +6 flail of Zeavo {freeze, Dex+4 Stlth+}
rCold    . . .     Faith    .   (no shield)
rNeg     . . .     Spirit   .   s - +1 plate armour
rPois    .         Reflect  +   I - +3 hat of Pondering {ponderous, MR+ MP+10 Int+5}
rElec    .         Harm     .   F - +2 cloak
rCorr    .         Rampage  .   D - +1 pair of gloves
MR       +....                  G - +0 pair of boots
Stlth    +.........             n - amulet of reflection
HPRegen  0.27/turn              (no ring)
MPRegen  0.24/turn              (no ring)

@: drained, slow
A: distributed training, fangs 1, horns 1, agile 1, evolution 1, strong nose
a: Depart the Abyss, Bend Space, Banish, Corrupt, Renounce Religion


You were on level 3 of the Lair of Beasts.
You worshipped Lugonu.
Lugonu was greatly pleased with you.
You visited 2 branches of the dungeon, and saw 15 of its levels.
You visited the Abyss 2 times.
You also visited: Sewer.

You collected 932 gold pieces.
You spent 144 gold pieces at shops.

Inventory:

Hand Weapons
 a - a +2 vampiric hand axe
 d - the +6 flail of Zeavo (weapon) {freeze, Dex+4 Stlth+}
   (You found it on level 2 of the Abyss)

   It has been specially enchanted to freeze those struck by it, causing extra
   injury to most foes and up to half again as much damage against particularly
   susceptible opponents.
   It can also slow down cold-blooded creatures.
   It affects your dexterity (+4).
   It makes you more stealthy.
 y - a +3 long sword
 K - a +1 scimitar of flaming
Missiles
 m - 105 poisoned darts (quivered)
Armour
 s - a +1 plate armour (worn)
 D - a +1 pair of gloves (worn)
 F - a +2 cloak (worn)
 G - a +0 pair of boots (worn)
 I - the +3 hat of Pondering (worn) {ponderous, MR+ MP+10 Int+5}
   (You took it off Gastronok on level 1 of the Lair of Beasts)

   It affects your intelligence (+5).
   It affects your resistance to hostile enchantments.
   It affects your magic capacity (+10).
Jewellery
 n - an amulet of reflection (around neck)
 J - a cursed ring of attention {unknown}
Wands
 o - a wand of random effects (25)
 r - a wand of flame (48)
 w - a wand of paralysis (26)
 C - a wand of disintegration (14)
 E - a wand of polymorph (20)
 H - a wand of enslavement (8)
Scrolls
 b - 2 scrolls of brand weapon
 c - 3 scrolls of remove curse
 e - a scroll of magic mapping
 f - 10 scrolls of teleportation
 k - 5 scrolls of fear
 t - 3 scrolls of enchant weapon
 u - 5 scrolls of identify
 x - 2 scrolls of fog
 B - 3 scrolls of enchant armour
Potions
 g - 5 potions of might
 h - 8 potions of curing
 i - a potion of cancellation
 j - a potion of resistance
 l - 3 potions of magic
 p - a potion of lignification
 q - 3 potions of stabbing
 v - 3 potions of mutation
 z - a potion of flight
 A - a potion of brilliance
 L - a potion of heal wounds


   Skills:
 + Level 10.5(9.8) Fighting
 + Level 8.2(7.6) Short Blades
 + Level 8.2(7.6) Long Blades
 + Level 9.5(8.8) Axes
 + Level 8.2(7.6) Maces & Flails
 + Level 8.2(7.6) Polearms
 + Level 8.2(7.6) Staves
 + Level 8.2(7.6) Slings
 + Level 8.2(7.6) Bows
 + Level 8.2(7.6) Crossbows
 + Level 8.2(7.6) Throwing
 + Level 9.5(8.8) Armour
 + Level 8.7(8.0) Dodging
 + Level 8.2(7.6) Stealth
 + Level 8.2(7.6) Shields
 + Level 8.2(7.6) Unarmed Combat
 + Level 8.2(7.6) Spellcasting
 + Level 6.9(6.2) Conjurations
 + Level 6.9(6.2) Hexes
 + Level 6.9(6.2) Summonings
 + Level 6.9(6.2) Necromancy
 + Level 6.9(6.2) Translocations
 + Level 6.9(6.2) Transmutations
 + Level 6.9(6.2) Fire Magic
 + Level 6.9(6.2) Ice Magic
 + Level 6.9(6.2) Air Magic
 + Level 6.9(6.2) Earth Magic
 + Level 6.9(6.2) Poison Magic
 + Level 10.1(9.4) Invocations
 + Level 8.2(7.6) Evocations


You had 28 spell levels left.
You didn't know any spells.
Your spell library contained the following spells:

 Spells                   Type           Power        Failure   Level
 Sting                    Tmut/Pois      ####         14%         1
 Poisonous Vapours        Pois/Air       ####..       21%         2
 Ignite Poison            Fire/Tmut/Pois ####....     38%         3
 Mephitic Cloud           Conj/Pois/Air  ####....     38%         3
 Olgreb's Toxic Radiance  Pois           ####....     80%         4


Dungeon Overview and Level Annotations

Branches:
Dungeon (12/15)            Temple (0/1) D:5            Lair (3/6) D:11
 Spider (0/4) Lair:2          Orc (0/2) D:11          Sewer (visited)
  Swamp: Lair:2-4    Shoals: Lair:2-4

Altars:
Ashenzari
Gozag
Kikubaaqudgha
Makhleb
Ru
Vehumet
Wu Jian
Yredelemnul
Zin
The Shining One

Shops:
D:9 *

Annotations:
Abyss:1 Afiewiwi's ghost, journeyman MiFi


Innate Abilities, Weirdness & Mutations

Your experience applies equally to all skills.
You have very sharp teeth.
Your uncanny sense of smell can sniff out nearby items.
You have a pair of small horns on your head.
You are agile. (Dex +2)
You evolve.


Message History

You block the spectral komodo dragon's attack.
Unknown command.
Your plate armour prevents you from hitting the spectral komodo dragon.
The spectral komodo dragon is almost destroyed.
The spectral komodo dragon bites you!
* * * LOW HITPOINT WARNING * * *
You feel drained.
* * * LOW HITPOINT WARNING * * *
Unknown command.
You sock the spectral komodo dragon! You freeze the spectral komodo dragon.
You destroy the spectral komodo dragon!
Lugonu accepts your kill.
Unknown command.
You feel better.
You sock the komodo dragon simulacrum! You bite the komodo dragon simulacrum.
The komodo dragon simulacrum is heavily damaged.
The komodo dragon simulacrum bites you!
* * * LOW HITPOINT WARNING * * *
The komodo dragon simulacrum freezes you!
You die...

####.....#### ###.
#.#.###....# #... ##.##
#..#.# .... ##..# ###.##
#... #..## ##...## #..
#...# #...#.# ##.
##...###...######### #..
##.#.....##.#..#.#..###.#
#.#..#.#@#####.(=?.##..#.
##.#####Z#.# .......#....
##.# #Z..###.....###...
### #...P#.ZZ....##...
##....###'''#####..
#####.............###..
##.#...##.........###...
#.(...##...........#P...
####.###....|#.........#


You could see a komodo dragon simulacrum and a torpor snail simulacrum.

Vanquished Creatures
  Gastronok (Lair:1)
  Erolcha (D:11)
  3 hydras
  2 two-headed ogres
  Erica (D:10)
  6 death yaks
  Urug (D:10)
  Maurice (D:9)
  4 cane toads
  4 black mambas
  2 komodo dragons (Lair:2)
  Maggie (D:7)
  A centaur skeleton (D:11)
  2 rime drakes
  2 trolls (D:11)
  A spectral black mamba (Lair:3)
  11 blink frogs
  A redback (Lair:2)
  A spectral komodo dragon (Lair:3)
  3 wyverns
  6 yaks
  A basilisk (Lair:1)
  A warg (D:11)
  A hydra simulacrum (Lair:3)
  A water moccasin (shapeshifter) (D:10)
  14 water moccasins
  2 sky beasts
  3 orc warriors
  A hornet zombie (D:8)
  3 ice beasts
  A necrophage (D:11)
  2 phantoms
  8 ogres
  7 centaurs
  A big kobold (Sewer)
  16 bullfrogs
  Blork the orc (D:5)
  A water moccasin zombie (D:6)
  6 scorpions
  7 wights
  3 howler monkeys
  A komodo dragon simulacrum (Lair:3)
  A quasit (D:10)
  4 hounds
  A centaur zombie (D:7)
  12 orc priests
  4 bullfrog skeletons
  7 jellies
  11 orc wizards
  2 iguanas
  Natasha (thrice) (D:3)
  8 worker ants
  2 howler monkey zombies
  A worker ant zombie (D:8)
  14 adders
  3 gnolls (D:6)
  A howler monkey skeleton (D:11)
  5 river rats (Sewer)
  2 shadow imps
  3 ufetubi
  6 oozes
  An adder zombie (D:6)
  An adder skeleton (D:4)
  3 leopard geckos
  48 orcs
  7 bats
  9 giant cockroaches
  7 goblins
  11 hobgoblins
  8 jackals
  19 kobolds
  5 quokkas
  7 ball pythons
  6 frilled lizards
  A jackal skeleton (D:4)
  A quokka skeleton (D:5)
  27 rats
387 creatures vanquished.

Vanquished Creatures (others)
  A warg (D:11)
  A jelly (D:8)
  A leopard gecko (D:8)
  A hobgoblin (D:11)
  2 jackals (D:8)
  A quokka (D:8)
  A fungus (Lair:3)
  A plant (Lair:3)
9 creatures vanquished.

Grand Total: 396 creatures vanquished

Notes
Turn   | Place    | Note
-------+----------+-------------------------------------------
     0 | Abyss:1  | Gargoyl the Gnoll Abyssal Knight began the quest for the
                  | Orb.
     0 | Abyss:1  | Reached XP level 1. HP: 23/23 MP: 3/3
    13 | Abyss:2  | Got a bloodstained flail
    14 | Abyss:2  | Identified the +6 flail of Zeavo {freeze, Dex+4 Stlth+}
                  | (You found it on level 2 of the Abyss)
    78 | Abyss:2  | Noticed a chaos spawn
   153 | Abyss:2  | Noticed a red very ugly thing
   160 | Abyss:2  | Noticed a ynoxinul
   161 | D:1      | Escaped the Abyss
   244 | D:1      | Reached XP level 2. HP: 25/29 MP: 5/5
   313 | D:1      | Reached * piety under Lugonu
   539 | D:1      | Reached XP level 3. HP: 35/35 MP: 6/6
   965 | D:2      | Reached skill level 1 in Short Blades
   965 | D:2      | Reached skill level 1 in Long Blades
   965 | D:2      | Reached skill level 1 in Maces & Flails
   965 | D:2      | Reached skill level 1 in Polearms
   965 | D:2      | Reached skill level 1 in Staves
   965 | D:2      | Reached skill level 1 in Slings
   965 | D:2      | Reached skill level 1 in Bows
   965 | D:2      | Reached skill level 1 in Crossbows
   965 | D:2      | Reached skill level 1 in Throwing
   965 | D:2      | Reached skill level 1 in Stealth
   965 | D:2      | Reached skill level 1 in Shields
   965 | D:2      | Reached skill level 1 in Unarmed Combat
   965 | D:2      | Reached skill level 1 in Spellcasting
   965 | D:2      | Reached skill level 1 in Evocations
   985 | D:2      | Reached XP level 4. HP: 41/41 MP: 7/7
  1042 | D:2      | Found a glowing golden altar of the Shining One.
  1095 | D:2      | Reached skill level 1 in Conjurations
  1095 | D:2      | Reached skill level 1 in Hexes
  1095 | D:2      | Reached skill level 1 in Summonings
  1095 | D:2      | Reached skill level 1 in Necromancy
  1095 | D:2      | Reached skill level 1 in Translocations
  1095 | D:2      | Reached skill level 1 in Transmutations
  1095 | D:2      | Reached skill level 1 in Fire Magic
  1095 | D:2      | Reached skill level 1 in Ice Magic
  1095 | D:2      | Reached skill level 1 in Air Magic
  1095 | D:2      | Reached skill level 1 in Earth Magic
  1095 | D:2      | Reached skill level 1 in Poison Magic
  1097 | D:2      | Reached ** piety under Lugonu
  1471 | D:2      | Found a burning altar of Makhleb.
  1474 | D:2      | Noticed a balrug
  1475 | D:2      | Reached XP level 5. HP: 47/47 MP: 8/8
  1478 | D:2      | Found a glowing silver altar of Zin.
  1478 | D:2      | Noticed an angel
  1512 | D:3      | Noticed Natasha
  1522 | D:3      | Killed Natasha
  1524 | D:3      | You fall into a shaft and drop 2 floors!
  1524 | D:5      | Entered Level 5 of the Dungeon
  1531 | D:5      | Found a glowing drain.
  1558 | Sewer    | Entered a sewer
  1667 | Sewer    | Noticed a big kobold
  1678 | Sewer    | Killed a big kobold
  1678 | Sewer    | Reached skill level 5 in Invocations
  1678 | Sewer    | Reached XP level 6. HP: 42/53 MP: 9/9
  1806 | Sewer    | Reached *** piety under Lugonu
  1817 | Sewer    | Reached skill level 5 in Axes
  1817 | Sewer    | Reached skill level 5 in Armour
  2757 | D:4      | Reached XP level 7. HP: 59/59 MP: 10/10
  2896 | D:3      | Upgraded the game from 0.26-a0-665-gefeb406119 to
                  | 0.26-a0-667-g92642533e4
  2960 | D:3      | Noticed Natasha
  2969 | D:3      | Killed Natasha
  3017 | D:3      | Reached **** piety under Lugonu
  3081 | D:3      | You fall into a shaft and drop 2 floors!
  3082 | D:5      | Found a staircase to the Ecumenical Temple.
  3156 | D:5      | Noticed Blork the orc
  3164 | D:5      | Killed Blork the orc
  3671 | D:3      | Noticed Natasha
  3673 | D:3      | Killed Natasha
  4179 | D:4      | Reached XP level 8. HP: 61/67 MP: 12/12
  5833 | D:6      | Reached XP level 9. HP: 27/73 MP: 14/14
  5845 | D:6      | Identified the +6 hunting sling of the Wilderness {venom,
                  | *Contam rElec Dex+8}
  5938 | D:6      | Reached ***** piety under Lugonu
  6259 | D:6      | Found an opulent altar of Gozag.
  6681 | D:7      | Noticed Maggie
  6694 | D:7      | Killed Maggie
  6694 | D:7      | Reached skill level 5 in Dodging
  7554 | D:8      | Reached XP level 10. HP: 74/80 MP: 17/17
  8074 | D:8      | Reached skill level 5 in Short Blades
  8074 | D:8      | Reached skill level 5 in Long Blades
  8074 | D:8      | Reached skill level 5 in Maces & Flails
  8074 | D:8      | Reached skill level 5 in Polearms
  8074 | D:8      | Reached skill level 5 in Staves
  8074 | D:8      | Reached skill level 5 in Slings
  8074 | D:8      | Reached skill level 5 in Bows
  8074 | D:8      | Reached skill level 5 in Crossbows
  8074 | D:8      | Reached skill level 5 in Throwing
  8074 | D:8      | Reached skill level 5 in Stealth
  8074 | D:8      | Reached skill level 5 in Shields
  8074 | D:8      | Reached skill level 5 in Unarmed Combat
  8074 | D:8      | Reached skill level 5 in Spellcasting
  8074 | D:8      | Reached skill level 5 in Evocations
  8529 | D:9      | Noticed a two-headed ogre
  8540 | D:9      | Killed a two-headed ogre
  8737 | D:9      | Found Wougoh's Assorted Antiques.
  8743 | D:9      | Bought a scroll of teleportation for 72 gold pieces
  8743 | D:9      | Bought 3 scrolls labeled IFFEPP LEALUTA for 72 gold pieces
  8808 | D:9      | Noticed Maurice
  8901 | D:9      | Killed Maurice
  9162 | D:9      | Found an ancient bone altar of Kikubaaqudgha.
  9162 | D:9      | Found a radiant altar of Vehumet.
  9167 | D:9      | Found a sacrificial altar of Ru.
  9181 | D:9      | Found an ornate altar of the Wu Jian Council.
  9181 | D:9      | Found a broken altar of Ashenzari.
  9183 | D:9      | Found a basalt altar of Yredelemnul.
  9773 | D:10     | Entered Level 10 of the Dungeon
 10014 | D:10     | Noticed Urug
 10034 | D:10     | Killed Urug
 10406 | D:10     | Noticed Erica
 10418 | D:10     | Killed Erica
 10418 | D:10     | Reached XP level 11. HP: 87/87 MP: 19/19
 10537 | D:11     | Gained mutation: You evolve. [potion of mutation]
 10537 | D:11     | Gained mutation: You are agile. (Dex +2) [potion of
                  | mutation]
 10592 | D:11     | Reached skill level 5 in Conjurations
 10592 | D:11     | Reached skill level 5 in Hexes
 10592 | D:11     | Reached skill level 5 in Summonings
 10592 | D:11     | Reached skill level 5 in Necromancy
 10592 | D:11     | Reached skill level 5 in Translocations
 10592 | D:11     | Reached skill level 5 in Transmutations
 10592 | D:11     | Reached skill level 5 in Fire Magic
 10592 | D:11     | Reached skill level 5 in Ice Magic
 10592 | D:11     | Reached skill level 5 in Air Magic
 10592 | D:11     | Reached skill level 5 in Earth Magic
 10592 | D:11     | Reached skill level 5 in Poison Magic
 10975 | D:11     | Found a staircase to the Orcish Mines.
 11006 | D:11     | Noticed Erolcha
 11347 | D:11     | Cast into level 2 of the Abyss (Erolcha)
 11402 | Abyss:2  | Noticed a thrashing horror
 11403 | D:11     | Escaped the Abyss
 11443 | D:11     | Killed Erolcha
 11884 | D:11     | Noticed a death yak
 11884 | D:11     | Noticed a death yak
 11921 | D:11     | Killed a death yak
 12247 | D:11     | Killed a death yak
 12495 | D:11     | Found a staircase to the Lair.
 12517 | D:11     | Noticed a two-headed ogre
 12528 | D:11     | Killed a two-headed ogre
 12914 | D:11     | Noticed a death yak
 12915 | D:11     | Noticed a death yak
 12916 | D:11     | Noticed a death yak
 12940 | D:11     | Noticed a death yak
 12945 | D:11     | Killed a death yak
 12945 | D:11     | Reached XP level 12. HP: 91/96 MP: 22/22
 12960 | D:11     | Killed a death yak
 13384 | D:10     | Killed a death yak
 13485 | D:11     | Killed a death yak
 13876 | Lair:1   | Entered Level 1 of the Lair of Beasts
 13952 | Lair:1   | Noticed Gastronok
 13974 | Lair:1   | Killed Gastronok
 14219 | Lair:1   | Got a pair of faintly humming boots
 14230 | Lair:1   | Identified the -2 pair of boots "Ywkabiosk" {+Fly rF+} (You
                  | found it on level 1 of the Lair of Beasts)
 14564 | Lair:1   | Noticed a six-headed hydra
 14579 | Lair:2   | Banished a six-headed hydra
 14815 | Lair:2   | Reached skill level 10 in Fighting
 14884 | Lair:2   | Gained mutation: You have a pair of small horns on your
                  | head. [evolution]
 16315 | Lair:2   | Reached XP level 13. HP: 74/103 MP: 24/24
 16685 | Lair:2   | Found a hole to the Spider Nest.
 17905 | Lair:3   | Found a runed translucent gate.
 17923 | Lair:3   | Reached skill level 10 in Invocations
 18575 | Lair:3   | Found a runed translucent gate.
 18688 | Lair:3   | Found a runed translucent gate.
 18688 | Lair:3   | Noticed Afiewiwi's ghost (journeyman MiFi)
 18717 | Lair:3   | Banished Afiewiwi's ghost
 18738 | Lair:3   | HP: 4/104 [komodo dragon simulacrum (15)]
 18738 | Lair:3   | Mangled by a komodo dragon simulacrum

Illustrated notes

Levels and vault maps discovered:
D:1:      dpeg_arrival_rooms_b, layout_loops_cross, minmay_nonomino_d4
D:2:      layout_rooms, grunt_temple_overflow_order_and_chaos_2,
          nicolae_tso_swordbearing_angel
D:3:      layout_basic, uniq_natasha
D:4:      layout_basic
D:5:      layout_layer_cave, temple_statues, portal_sewer_entry_c,
          uniq_blork_the_orc
D:6:      layout_basic, nicolae_gozag_cash_rules_everything_around_me,
          minmay_misc_feat_square
D:7:      layout_loops_cross, chequers_hall_statues_wall_a, uniq_maggie
D:8:      layout_cave_pools, lemuel_flamethrower_2
D:9:      layout_basic, minitemple, serial_shops, nicolae_shop_statue_plus,
          minmay_misc_feat_diagonals, nicolae_zen_rock_garden,
          eino_small_chamber_without_monster, uniq_maurice
D:10:     layout_basic, uniq_erica, uniq_urug
D:11:     layout_basic, dpeg_lair_monsters, erik_orc_4, serial_curves,
          eino_curves_02, eino_curves_03, uniq_erolcha
D:12:     layout_rooms, gammafunk_ghost_hydra_chop, serial_shops, shop,
          chequers_serial_rivers_small_3
Lair:1:   layout_cave_pods, beast_lair_carwin_7, lemuel_fruit_tree,
          uniq_gastronok
Lair:2:   cheibrodos_lair_river_kwai, layout_hall_layers,
          spider_nest_entry_rubble, serial_bayou_shore_b
Lair:3:   layout_layer_cave, gammafunk_ghost_necromancy,
          infiniplex_staircase_pool

Skill      XL: |  1  2  3  4  5  6  7  8  9 10 11 12 13 |
---------------+----------------------------------------+-----
Short Blades   | 1 2 3 4 5 6 7 8 |  8.2
Long Blades    | 1 2 3 4 5 6 7 8 |  8.2
Maces & Flails | 1 2 3 4 5 6 7 8 |  8.2
Polearms       | 1 2 3 4 5 6 7 8 |  8.2
Staves         | 1 2 3 4 5 6 7 8 |  8.2
Slings         | 1 2 3 4 5 6 7 8 |  8.2
Bows           | 1 2 3 4 5 6 7 8 |  8.2
Crossbows      | 1 2 3 4 5 6 7 8 |  8.2
Throwing       | 1 2 3 4 5 6 7 8 |  8.2
Stealth        | 1 2 3 4 5 6 7 8 |  8.2
Shields        | 1 2 3 4 5 6 7 8 |  8.2
Unarmed Combat | 1 2 3 4 5 6 7 8 |  8.2
Spellcasting   | 1 2 3 4 5 6 7 8 |  8.2
Evocations     | 1 2 3 4 5 6 7 8 |  8.2
Conjurations   | 1 2 3 4 5 6 |  6.9
Hexes          | 1 2 3 4 5 6 |  6.9
Summonings     | 1 2 3 4 5 6 |  6.9
Necromancy     | 1 2 3 4 5 6 |  6.9
Translocations | 1 2 3 4 5 6 |  6.9
Transmutations | 1 2 3 4 5 6 |  6.9
Fire Magic     | 1 2 3 4 5 6 |  6.9
Ice Magic      | 1 2 3 4 5 6 |  6.9
Air Magic      | 1 2 3 4 5 6 |  6.9
Earth Magic    | 1 2 3 4 5 6 |  6.9
Poison Magic   | 1 2 3 4 5 6 |  6.9
Dodging        | 3 4 5 6 7 8 |  8.7
Invocations    | 5 6 7 8 9 10 | 10.1
Axes           | 5 6 7 8 9 |  9.5
Armour         | 5 6 7 8 9 |  9.5
Fighting       | 7 8 9 10 | 10.5

Action                   |  1- 3 |  4- 6 |  7- 9 | 10-12 | 13-15 || total
-------------------------+-------+-------+-------+-------+-------++-------
Melee: Flail             |    68 |    93 |   310 |   619 |   127 ||  1217
       Bite              |     5 |    18 |    42 |    90 |    16 ||   171
       Hand axe          |       |    65 |       |       |       ||    65
       Punch             |       |     1 |     3 |    22 |     6 ||    32
       Unarmed           |       |       |       |    17 |       ||    17
       Headbutt          |       |       |       |    25 |    35 ||    60
Throw: Dart              |       |       |    10 |    43 |    34 ||    87
       Boomerang         |       |       |     1 |       |       ||     1
Invok: Depart the Abyss  |     1 |       |       |     1 |       ||     2
       Bend Space        |       |       |       |     2 |       ||     2
       Banish            |       |       |       |     4 |     4 ||     8
  Use: Potion            |     1 |     1 |       |     9 |     2 ||    13
       Scroll            |     3 |     4 |    10 |    11 |     1 ||    29
 Stab: Sleeping          |     2 |     4 |       |       |       ||     6
       Confused          |       |       |       |     1 |       ||     1
Armor: Scale mail        |    48 |   106 |       |       |       ||   154
       Plate armour      |       |     1 |   217 |   406 |    82 ||   706
Dodge: Dodged            |    54 |   171 |    99 |   276 |    65 ||   665
Block: Other             |       |    56 |    85 |   112 |    31 ||   284
       Reflection        |       |     1 |       |     1 |       ||     2

Table legend: (Time is in decaauts)
 A = Elapsed time spent in this place.
 B = Non-inter-level travel time spent in this place.
 C = Inter-level travel time spent in this place.
 D = Time resting spent in this place.
 E = Time spent auto-exploring this place.
 F = Levels seen in this place.
 G = Mean time per level.
                   A        B        C        D        E       F      G
               +--------+--------+--------+--------+--------+-----+--------+
         Total |  19115 |  18804 |    311 |   3712 |  11333 |  19 | 1006.1 |
       Dungeon |  12867 |  12588 |    279 |   2930 |   6968 |  12 | 1072.2 |
          Lair |   5066 |   5034 |     32 |    498 |   3813 |   3 | 1688.7 |
         Abyss |    215 |    215 |      0 |      0 |    138 |   3 |   71.7 |
         Sewer |    966 |    966 |      0 |    284 |    414 |   1 |  966.0 |
               +--------+--------+--------+--------+--------+-----+--------+

Top non-repeatable levels by time:
    D:11: 2203 daAuts
  Lair:2: 2087 daAuts
  Lair:1: 1811 daAuts
    D:10: 1551 daAuts
     D:9: 1550 daAuts
     D:5: 1376 daAuts
     D:6: 1374 daAuts
  Lair:3: 1166 daAuts
     D:8: 1022 daAuts
     D:7: 970 daAuts
   Sewer: 966 daAuts
     D:1: 822 daAuts
     D:3: 710 daAuts
     D:4: 704 daAuts
     D:2: 560 daAuts
